 Dungeon Crawl Stone Soup version 0.31-a0-339-gda1cbd555d (webtiles) character file.

Game seed: 6254224840529323643

593 Shard1697 the Grave Robber (level 7, -3/55 HPs)
             Began as a Green Draconian Necromancer on July 21, 2023.
             Slain by an ice beast (11 damage)
             ... on level 4 of the Dungeon.
             The game lasted 00:07:31 (3776 turns).

Shard1697 the Grave Robber (DrNe)                   Turns: 3776, Time: 00:07:32

Health: -3/55      AC:  9    Str: 11    XL:     7   Next: 16%
Magic:  10/13      EV: 11    Int: 17    God:
Gold:   206        SH:  3    Dex: 11    Spells: 6/14 levels left

rFire   + . .        z - +3 whip (venom)
rCold   . . .        n - +0 buckler
rNeg    . . .        (body armour unavailable)
rPois   +            (helmet restricted)
rElec   .            (no cloak)
rCorr   .            (no gloves)
SInv    .            v - +2 pair of boots
Will    .....        i - amulet of the acrobat
Stlth   ++           m - ring of protection from fire
HPRegen 0.29/turn    (no ring)
MPRegen 0.13/turn

%: acrobat
@: brilliant, short of breath, hasted, very quick
A: breathe noxious fumes, AC +6, unfitting armour, poison resistance,
cold-blooded
a: Breathe Noxious Fumes


You were on level 4 of the Dungeon.
You visited 1 branch of the dungeon, and saw 5 of its levels.

You collected 206 gold pieces.

Inventory:

Hand Weapons
 b - a +0 spear
 s - a +0 flail
 z - a +3 whip of venom (weapon)
Armour
 n - a +0 buckler (worn)
 v - a +2 pair of boots (worn)
Jewellery
 i - an amulet of the acrobat (around neck)
 m - a ring of protection from fire (left hand)
Wands
 y - a wand of polymorph (4)
Scrolls
 d - a scroll of fear {unknown}
 f - 2 scrolls of fog
 p - a scroll of revelation
Potions
 a - a potion of magic
 c - 2 potions of curing {unknown}
 o - a potion of enlightenment {unknown}
 q - a potion of heal wounds {unknown}
 r - a potion of brilliance
 u - a potion of attraction {unknown}
 w - a potion of ambrosia {unknown}
 x - a potion of degeneration {unknown}


   Skills:
 + Level 2.1 Fighting
 - Level 1.7 Dodging
 - Level 1.7 Stealth
 - Level 4.1 Spellcasting
 + Level 7.3 Necromancy


You had 6 spell levels left.
You knew the following spells:

 Your Spells              Type           Power      Damage    Failure   Level
a - Necrotise             Necr           100%       1d9       1%          1
f - Vampiric Draining     Necr           42%        2d9       3%          3
t - Animate Dead          Necr           42%        N/A       11%         4

Your spell library contained the following spells:

 Spells                   Type           Power      Damage    Failure   Level
 Agony                    Necr           42%        N/A       30%         5


Dungeon Overview and Level Annotations

Branches:
Dungeon (5/15)
 Temple: D:4-7

Altars:
Ashenzari
Fedhas

Annotations:
D:5 Menkaure


Innate Abilities, Weirdness & Mutations

You can breathe blasts of noxious fumes.
Your lurid green scales are hard. (AC +6)
You cannot fit into any form of body armour.
Your system is resistant to poisons. (rPois)
You are cold-blooded and may be slowed by cold attacks.


Message History

There is a stone staircase leading up, spattered with blood here.
The ice beast hits you but does no damage.
You climb upwards.
There is a stone staircase leading down here.
Casting: Necrotise (safe; 1% risk of failure)
Confirm with . or Enter, or press ? or * to list all spells.
Aiming: Necrotise (safe; 1% risk of failure)
Press: ? - help, Shift-Dir - straight line, f - ice beast
Aim: an ice beast (chance to affect: 83%)
You feel a surge of power!
The ice beast writhes in agony.
The ice beast hits you. The ice beast freezes you!
Casting: Necrotise (safe; 1% risk of failure)
Confirm with . or Enter, or press ? or * to list all spells.
Aiming: Necrotise (safe; 1% risk of failure)
Press: ? - help, Shift-Dir - straight line, f/p - ice beast
Aim: an ice beast (moderately wounded, chance to affect: 83%)
You feel a surge of power!
The ice beast writhes in agony.
The ice beast hits you but does no damage.
Casting: Necrotise (safe; 1% risk of failure)
Confirm with . or Enter, or press ? or * to list all spells.
Aiming: Necrotise (safe; 1% risk of failure)
Press: ? - help, Shift-Dir - straight line, f/p - ice beast
Aim: an ice beast (moderately wounded, chance to affect: 83%)
You feel a surge of power!
The ice beast writhes in agony.
The ice beast hits you but does no damage.
Aiming: Breathe Noxious Fumes (5% risk of failure)
Press: ? - help, Shift-Dir - straight line, f - you, p - ice beast You exhale a blast of noxious fumes.
The blast of choking fumes hits you. The ice beast misses you.
You hit the ice beast but do no damage.
The ice beast is poisoned.
You tail-slap the ice beast, but do no damage.
The ice beast is heavily wounded.
The ice beast hits you. The ice beast freezes you!
You feel yourself slow down.
* * * LOW HITPOINT WARNING * * *
You feel yourself speed up.
You feel yourself speed up. The ice beast closely misses you.
The ice beast hits you.
* * * LOW HITPOINT WARNING * * *
The ice beast freezes you!
You die...

#...# ####..P.8....# #.##.# #...#
####..P...P..#####.##.##
#...#######....P...P.....##.##...
..........#.#...PP.......##......
...........#.......).....#####.##
..........#.##...§.#§>...# #.#
.....##########.##.#.....# #.#
#....# ###.##.Y[....#### #.#
#....# ##.....@..##### #.# #....#
####)########### #.#
#....####....########### #.#
....?.....#..########### #.#
#########....########### #.#
####### ##.#.#######...#######.#
......####..#........#......†..#
#####.#.......##################
#####.#.##[##..##


You could see an ice beast (very poisoned).

Vanquished Creatures
  Eustachio (D:4)
  A gnoll sergeant (D:4)
  A howler monkey (D:4)
  An orc priest (D:4)
  A gnoll bouda (D:5)
  2 iguanas
  Natasha (twice) (D:2)
  Ijyb (D:4)
  2 gnolls (D:5)
  7 adders
  A dart slug (D:2)
  7 orcs
  3 bats
  9 endoplasms
  3 giant cockroaches
  7 goblins
  4 hobgoblins
  8 quokkas
  5 ball pythons
  4 frilled lizards
  9 kobolds
  4 rats
83 creatures vanquished.

Vanquished Creatures (collateral kills)
  A bat (D:2)
  An endoplasm (D:1)
  2 giant cockroaches
  A goblin (D:2)
  A hobgoblin (D:2)
  A ball python (D:3)
7 creatures vanquished.

Grand Total: 90 creatures vanquished

Notes
Turn   | Place    | Note
-------+----------+-------------------------------------------
     0 | D:1      | Shard1697 the Draconian Necromancer began the quest for the
                  | Orb.
     0 | D:1      | Reached XP level 1. HP: 14/14 MP: 3/3
   137 | D:1      | Reached XP level 2. HP: 17/20 MP: 3/5
   551 | D:2      | Found a faded altar of an unknown god.
   637 | D:2      | Reached XP level 3. HP: 22/26 MP: 3/6
   925 | D:2      | Learned a level 3 spell: Vampiric Draining
  1004 | D:2      | Reached skill level 5 in Necromancy
  1113 | D:2      | Noticed Natasha
  1119 | D:2      | Killed Natasha
  1120 | D:2      | Reached XP level 4. HP: 25/33 MP: 6/8
  1302 | D:2      | Noticed Natasha
  1309 | D:2      | Killed Natasha
  1409 | D:3      | Learned a level 4 spell: Animate Dead
  1609 | D:3      | Reached XP level 5. HP: 33/38 MP: 9/9
  2476 | D:4      | Reached skill level 6 in Necromancy
  2663 | D:4      | Found a broken altar of Ashenzari.
  2871 | D:4      | Reached XP level 6. HP: 33/45 MP: 7/11
  3008 | D:4      | Noticed Ijyb
  3009 | D:4      | Found a blossoming altar of Fedhas.
  3010 | D:4      | Noticed Eustachio
  3016 | D:4      | Killed Ijyb
  3057 | D:4      | Killed Eustachio
  3058 | D:4      | Reached skill level 7 in Necromancy
  3322 | D:5      | Entered Level 5 of the Dungeon
  3458 | D:4      | Reached skill level 1 in Fighting
  3597 | D:5      | Your scales start taking on a lurid green colour.
  3597 | D:5      | Reached XP level 7. HP: 38/52 MP: 13/13
  3597 | D:5      | Gained mutation: Your system is resistant to poisons.
                  | (rPois) [Green Draconian growth]
  3751 | D:5      | Noticed Menkaure
  3776 | D:4      | Slain by an ice beast

Illustrated notes

Levels and vault maps discovered:
D:1:      minmay_arrival_stone_box, layout_basic
D:2:      layout_basic, basic_ecumenical_altar, uniq_natasha
D:3:      layout_loops_corners
D:4:      layout_loops_cross, mainiacjoe_overflow_paths, kennysheep_diamond,
          dreamdust_mushroom_princess, uniq_eustachio, uniq_ijyb
D:5:      layout_loops_ring, chequers_temple_overflow_minitemple,
          lemuel_tele_altar, mainiacjoe_overflow_24_doors, serial_shops,
          nicolae_shop_trees, kennysheep_generic_room_7, uniq_menkaure

Skill      XL: |  1  2  3  4  5  6  7 |
---------------+----------------------+-----
Necromancy     | 5 6 7 |  7.3
Spellcasting   | 3 4 |  4.1
Fighting       | 1 2 |  2.1
Dodging        | |  1.7
Stealth        | |  1.7

Action                     |  1- 3 |  4- 6 |  7- 9 || total
---------------------------+-------+-------+-------++-------
  Melee: Unarmed           |    17 |       |       ||    17
         Spear             |    10 |       |       ||    10
         Tailslap          |    10 |    10 |     1 ||    21
         Dagger            |    51 |   108 |       ||   159
         Whip              |       |    23 |    17 ||    40
   Cast: Necrotise         |    34 |    21 |     3 ||    58
Ability: Breathe Noxious F |       |       |     3 ||     3
    Use: Scroll            |       |    10 |     1 ||    11
         Potion            |       |       |     2 ||     2
   Stab: Sleeping          |     4 |     4 |       ||     8
         Distracted        |       |     1 |       ||     1
         Confused          |       |       |     2 ||     2
 Armour: Skin              |    37 |    77 |     7 ||   121
  Dodge: Dodged            |    65 |    95 |    12 ||   172
  Block: Buckler           |       |    22 |     2 ||    24

Table legend: (Time is in decaauts)
 A = Elapsed time spent in this place.
 B = Non-inter-level travel time spent in this place.
 C = Inter-level travel time spent in this place.
 D = Time resting spent in this place.
 E = Time spent auto-exploring this place.
 F = Levels seen in this place.
 G = Mean time per level.
                   A        B        C        D        E       F      G
               +--------+--------+--------+--------+--------+-----+--------+
         Total |   3794 |   3599 |    195 |    274 |   2377 |   5 |  758.8 |
       Dungeon |   3794 |   3599 |    195 |    274 |   2377 |   5 |  758.8 |
               +--------+--------+--------+--------+--------+-----+--------+

Top non-repeatable levels by time:
     D:4: 1161 daAuts
     D:3: 997 daAuts
     D:2: 864 daAuts
     D:1: 522 daAuts
     D:5: 249 daAuts
